 Dungeon Crawl Stone Soup version 0.31.0-11-ge490571c62 (webtiles) character file.

Game seed: 2263275629630473004

2937 Rassilon the Basher (level 9, -9/58 HPs)
             Began as a Gargoyle Fighter on Feb 1, 2024.
             Was an Initiate of the Shining One.
             Mangled by a wight
             ... wielding a +4 battleaxe
              (10 damage)
             ... on level 8 of the Dungeon.
             The game lasted 00:22:56 (6531 turns).

Rassilon the Basher (Gargoyle Fighter)              Turns: 6531, Time: 00:22:56

Health: -9/58      AC: 18    Str: 24    XL:     9   Next: 80%
Magic:  9/9        EV:  8    Int:  9    God:    the Shining One [......]
Gold:   303        SH:  4    Dex:  9    Spells: 8/8 levels left

rFire   . . .        r - +7 long sword of Malaise {speed, Fly rPois rF-}
rCold   . . .        c - +0 buckler
rNeg    + . .        k - +1 chain mail
rPois   ∞            (no helmet)
rElec   +            (no cloak)
rCorr   .            (no gloves)
SInv    .            (no boots)
Will    .....        (no amulet) Stlth
                     e - ring of protection from fire
HPRegen 0.29/turn    (no ring)
MPRegen 0.11/turn

%: no passive effects
@: mighty, brilliant, flying, glowing
A: sickness immunity, AC +6, negative energy resistance 1, electricity
resistance, torment resistance 1, petrification resistance
a: Renounce Religion


You were on level 8 of the Dungeon.
You worshipped the Shining One.
The Shining One was noncommittal.
You visited 2 branches of the dungeon, and saw 9 of its levels.
You also visited: Sewer.

You collected 303 gold pieces.

Inventory:

Hand Weapons
 r - the +7 long sword of Malaise (weapon) {speed, Fly rPois rF-}
   (You found it on level 3 of the Dungeon)

   rF-:       It makes you vulnerable to fire.
   rPois:     It protects you from poison Fly: It grants you flight.
 s - a +0 morningstar
Missiles
 b - 9 curare-tipped darts (quivered)
 y - 2 throwing nets
Armour
 c - a +0 buckler (worn)
 k - a +1 chain mail (worn)
Jewellery
 e - a ring of protection from fire (left hand)
Wands
 z - a wand of mindburst (7)
 B - a wand of paralysis (12)
 C - a wand of flame (4)
 F - a wand of roots (13)
Scrolls
 a - 2 scrolls of fog
 g - a scroll of fear
 h - a scroll of immolation {unknown}
 i - a scroll of vulnerability {unknown}
 m - a scroll of noise {unknown}
 n - a scroll of poison {unknown}
 o - 3 scrolls of teleportation {unknown}
 p - a scroll of torment {unknown}
 t - a scroll of silence
 u - a scroll of enchant weapon {unknown}
 v - 2 scrolls of enchant armour
 A - a scroll of brand weapon {unknown}
 D - a scroll of blinking {unknown}
 G - a scroll of identify
Potions
 d - 3 potions of might
 f - a potion of invisibility
 j - 4 potions of cancellation
 l - 5 potions of curing
 q - 2 potions of brilliance
 w - 2 potions of resistance {unknown}
 E - 2 potions of degeneration {unknown}


   Skills:
 + Level 7.7 Fighting
 * Level 9.3 Maces & Flails
 + Level 7.8 Armour
 - Level 5.0 Shields


You had 8 spell levels left.
You didn't know any spells.
Your spell library contained the following spells:

 Spells                   Type           Power      Damage    Failure   Level
 Magic Dart               Conj           0%         1d3       92%         1
 Blink                    Tloc           0%         N/A       98%         2
 Call Imp                 Summ           0%         N/A       98%         2
 Ensorcelled Hibernation  Hex/Ice        0%         N/A       98%         2
 Passwall                 Erth           0%         N/A       100%        3
 Summon Ice Beast         Ice/Summ       0%         N/A       100%        3
 Swiftness                Air            0%         N/A       100%        3
 Summon Mana Viper        Hex/Summ       0%         N/A       100%        5
 Monstrous Menagerie      Summ           0%         N/A       100%        7
 Summon Hydra             Summ           0%         N/A       100%        7
 Sublimation of Blood     Necr           Unusable   N/A       N/A         2

Dungeon Overview and Level Annotations

Branches:
Dungeon (8/15)             Temple (1/1) D:6           Sewer (visited)
   Lair: D:8-11

Altars:
Ashenzari
Dithmenos
Elyvilon
Fedhas
Gozag
Hepliaklqana
Kikubaaqudgha
Makhleb
Nemelex Xobeh
Okawaru
Qazlal
Sif Muna
Trog
Uskayaw
Vehumet
Wu Jian
Yredelemnul
Zin
The Shining One

Shops:
D:7 (

Annotations:
D:7 3 runed translucent doors, uncleiroh's ghost, novice MiBe


Innate Abilities, Weirdness & Mutations

You are immune to sickness and miasma.
Your stone body is resilient. (AC +6)
You are immune to poison.
You resist negative energy. (rN+)
You are resistant to electric shocks. (rElec)
You are resistant to unholy torment.
You are immune to petrification.


Message History

The kobold completely misses you. The wight hits you but does no damage.
The wight hits you with a +3 great sword.
The kobold barely misses you. The wight attacks as it pursues you!
The wight hits you with a +3 falchion.
The wight hits you with a +3 great sword!
* * * LOW HITPOINT WARNING * * *
Unknown command.
You feel much better. The kobold hits you but does no damage.
The wight hits you with a +3 falchion. The wight hits you but does no damage.
You feel very mighty all of a sudden. The kobold barely misses you.
You block the wight's attack.
You slice the wight!!
You destroy the wight!
The Shining One accepts your kill. The kobold hits you but does no damage.
You slash the wyvern!
The wyvern is heavily wounded.
The wyvern bites you but does no damage.
The kobold barely misses you. The wight hits you with a +4 battleaxe!
The wyvern bites you but does no damage.
You slash the wyvern!
The wyvern is almost dead.
The wyvern completely misses you. The kobold hits you but does no damage.
The wight hits you with a +4 battleaxe!
You completely miss the wyvern.
The wyvern is almost dead.
The wyvern bites you.
* * * LOW HITPOINT WARNING * * *
You block the kobold's attack. The wight closely misses you.
It was a potion of brilliance.
You feel clever all of a sudden. You block the wyvern's attack.
The wyvern bites you.
* * * LOW HITPOINT WARNING * * *
The kobold hits you but does no damage. The wight hits you but does no damage.
You hit the wight.
The wight is heavily damaged.
The wyvern bites you!
* * * LOW HITPOINT WARNING * * *
The wight hits you with a +4 battleaxe!
You die...

#.......)
......#......<)
..#.....#........
........#........
##.#....#.#######
.......#........
#.....#.#######
####.....#.#
#@zzz......#
#kYK.......###
#lK..........#
#..)............
#.......##.#.###
#.......##.#.#
#.......##.#.#
#.......##.. .
#......... .


You could see a yak, a basilisk, a wyvern, 3 wights and 2 kobolds.

Vanquished Creatures
  Pikel (D:5)
  A water moccasin (D:7)
  An orc warrior (D:8)
  2 sky beasts
  2 ice beasts (D:6)
  An ogre (D:5)
  A centaur (D:8)
  6 kobold brigands
  2 brain worms (Sewer)
  A bullfrog (D:7)
  A gnoll sergeant (D:6)
  5 scorpions
  A wight (D:8)
  A howler monkey (D:5)
  An electric eel (D:7)
  A bombardier beetle (D:6)
  5 hounds
  4 jellies
  3 iguanas
  2 orc wizards
  5 gnolls (D:6)
  13 adders
  3 river rats (Sewer)
  A shadow imp (D:7)
  A white imp (D:5)
  A ribbon worm (D:2)
  14 orcs
  5 ball pythons
  2 endoplasms
  5 giant cockroaches
  A goblin (D:2)
  4 hobgoblins
  4 jackals
  11 kobolds
  A quokka (D:3)
  4 bats
  5 frilled lizards
  5 rats
127 creatures vanquished.

Vanquished Creatures (others)
  An orc wizard (D:7)
1 creature vanquished.

Grand Total: 128 creatures vanquished

Notes
Turn   | Place    | Note
-------+----------+-------------------------------------------
     0 | D:1      | Rassilon the Gargoyle Fighter began the quest for the Orb.
     0 | D:1      | Reached XP level 1. HP: 14/14 MP: 1/1
   220 | D:1      | Found a faded altar of an unknown god.
   466 | D:1      | Reached XP level 2. HP: 19/19 MP: 2/2
  1018 | D:2      | Reached XP level 3. HP: 23/23 MP: 3/3
  1768 | D:3      | Identified the +7 long sword of Malaise {speed, Fly rPois
                  | rF-}
  2067 | D:3      | Reached skill level 3 in Maces & Flails
  2067 | D:3      | Reached XP level 4. HP: 29/29 MP: 4/4
  2816 | D:4      | Found a glowing drain.
  2842 | Sewer    | Entered a sewer
  2845 | Sewer    | Noticed a kobold brigand
  2865 | Sewer    | Killed a kobold brigand
  2866 | Sewer    | Reached XP level 5. HP: 33/33 MP: 5/5
  2883 | Sewer    | Noticed a kobold brigand
  2901 | Sewer    | Killed a kobold brigand
  2946 | Sewer    | Reached skill level 4 in Maces & Flails
  2980 | Sewer    | Reached XP level 6. HP: 36/38 MP: 6/6
  3101 | Sewer    | Reached XP level 7. HP: 22/44 MP: 5/7
  3237 | Sewer    | Reached skill level 5 in Maces & Flails
  3310 | Sewer    | Reached skill level 5 in Armour
  3454 | Sewer    | Reached skill level 5 in Shields
  3588 | D:4      | Reached skill level 5 in Fighting
  3767 | D:4      | Found a sparkling altar of Nemelex Xobeh.
  4137 | D:5      | Entered Level 5 of the Dungeon
  4268 | D:5      | Reached skill level 6 in Maces & Flails
  4268 | D:5      | Reached XP level 8. HP: 43/50 MP: 8/8
  4280 | D:5      | Noticed Pikel
  4297 | D:5      | Killed Pikel
  4298 | D:5      | Reached skill level 7 in Maces & Flails
  4627 | D:5      | Found a shimmering blue altar of Sif Muna.
  4773 | D:6      | Reached XP level 9. HP: 56/56 MP: 9/9
  4789 | D:6      | Found a staircase to the Ecumenical Temple.
  4796 | Temple   | Entered the Ecumenical Temple
  4820 | Temple   | Became a worshipper of the Shining One
  4927 | D:6      | Reached skill level 8 in Maces & Flails
  4973 | D:6      | Found a blossoming altar of Fedhas.
  5040 | D:6      | Found a hazy altar of Hepliaklqana.
  5067 | D:6      | Found an ornate altar of the Wu Jian Council.
  5129 | D:6      | Found an iron altar of Okawaru.
  5538 | D:6      | Found a radiant altar of Vehumet.
  5821 | D:7      | Found Vuirriwu's Antique Weapon Shop.
  6054 | D:7      | Reached skill level 9 in Maces & Flails
  6237 | D:7      | Found a runed translucent gate.
  6237 | D:7      | Found a runed translucent gate.
  6237 | D:7      | Found a runed translucent gate.
  6238 | D:7      | Noticed uncleiroh's ghost (novice MiBe)
  6531 | D:8      | HP: 1/58 [wyvern (9)]
  6531 | D:8      | Mangled by a wight

Illustrated notes

Levels and vault maps discovered:
D:1:      scummos_arrival_gate, layout_basic,
          hellmonk_ecumenical_altar_inner_sanctum
D:2:      layout_basic, nicolae_figureground_sparkle
D:3:      layout_basic, serial_bayou_crossing
D:4:      layout_rooms, nemelex_altar_shiori, portal_sewer_entry_a,
          kennysheep_cross_bottleneck, dk_noncrumbling_3, minmay_parallelograms,
          nicolae_the_louvre
D:5:      layout_cave_pools, tgw_sif, guppyfry_early_lair_pool, uniq_pikel
D:6:      layout_loops_cross, kennysheep_little_box, okawaru_altar_gauntlet_db,
          overflow_temple_1_default, nicolae_vehumet_altar_sigil,
          lemuel_tele_altar, minmay_temple_entry_fiery
D:7:      layout_cave_pools, serial_column_ruins, column_ruins_open_tiny,
          column_ruins_open_small, column_ruins_columns_straight,
          gammafunk_ghost_necromancy, serial_shops, nicolae_shop_waterfront,
          kennysheep_cross_room
D:8:      layout_basic, david_lair_generic
Temple:   hellmonk_temple_flake

Skill      XL: |  1  2  3  4  5  6  7  8  9 |
---------------+----------------------------+-----
Maces & Flails | 3 4 6 7 9 |  9.3
Fighting       | 4 5 6 7 |  7.7
Armour         | 4 5 6 7 |  7.8
Shields        | 4 5 |  5.0

Action                     |  1- 3 |  4- 6 |  7- 9 || total
---------------------------+-------+-------+-------++-------
  Melee: Flail             |    22 |       |       ||    22
         Short sword       |    74 |       |       ||    74
         Long sword        |    15 |    86 |   328 ||   429
  Throw: Dart              |       |       |     1 ||     1
    Use: Scroll            |       |     4 |     5 ||     9
         Potion            |       |       |     3 ||     3
 Armour: Scale mail        |    30 |       |       ||    30
         Chain mail        |    36 |    46 |   287 ||   369
  Dodge: Dodged            |    38 |    15 |   122 ||   175
  Block: Buckler           |    24 |    11 |    72 ||   107
